 Dungeon Sprint DCSS version 0.29.1-15-g9cfb28693d (webtiles) character file.

Game seed: 3626424382276843975

9666 Groucho the Nimble (level 11, -3/47 HPs)
             Began as a Spriggan Earth Elementalist on Apr 27, 2023.
             Was the Champion of Dithmenos.
             Hit by a javelin thrown by a minotaur (35 damage)
             ... in the Dungeon (Sprint VII: "The Pits").
             The game lasted 00:12:33 (4066 turns).

Groucho the Nimble (Spriggan Earth Elementalist)    Turns: 4066, Time: 00:12:34

Health: -3/47      AC:  6    Str:  8    XL:     11   Next: 26%
Magic:  25/29      EV: 29    Int: 17    God:    Dithmenos [******]
Gold:   0          SH:  0    Dex: 19    Spells: 33/37 levels left

rFire   . . .      SeeInvis +   g - +2 hand crossbow (freeze)
rCold   . . .      Faith    .   (no shield)
rNeg    . . .      Spirit   .   h - +0 robe
rPois   .          Reflect  .   (helmet restricted)
rElec   .          Harm     .   q - +0 cloak
rCorr   .          Rampage  .   (gloves unavailable)
Will    +....      NoTele   +   (boots unavailable) Stlth *+++++++++
                                (no amulet)
HPRegen 0.15/turn               m - +3 ring of protection
MPRegen 0.21/turn               n - +3 ring of dexterity

@: wreathed by umbra, very quick
A: very small, no large weapons, unfitting armour, see invisible, speed 3
a: Renounce Religion, Shadow Step, Shadow Form


You were in the Dungeon.
You worshipped Dithmenos.
Dithmenos was exalted by your worship.
You visited 1 branch

Inventory:

Hand Weapons
 a - a +2 dagger
 g - a +2 hand crossbow of freezing (weapon)
 r - a +2 rapier of electrocution
 s - a +2 dagger of distortion
Missiles
 j - 10 stones
 t - 5 curare-tipped darts
Armour
 h - a +0 robe (worn)
 q - a +0 cloak (worn)
Jewellery
 m - a +3 ring of protection (left hand)
 n - a +3 ring of dexterity (right hand)
Scrolls
 k - 5 scrolls of amnesia
 l - a scroll of summoning
Potions
 b - 3 potions of magic
 c - 9 potions of curing
 d - 6 potions of heal wounds
 e - a potion of haste
 f - 4 potions of berserk rage
 i - 2 potions of invisibility
 o - 2 potions of brilliance
 p - a potion of mutation


   Skills:
 + Level 12.1 Short Blades
 + Level 14.6 Dodging
 - Level 14.0 Stealth
 + Level 13.6 Spellcasting
 + Level 8.0 Conjurations
 - Level 1.3 Transmutations
 + Level 10.6 Earth Magic
 + Level 11.2 Invocations


You had 33 spell levels left.
You knew the following spells:

 Your Spells              Type           Power      Damage    Failure   Level
a - Sandblast             Erth           94%        2d19      1%          1
b - Stone Arrow           Conj/Erth      86%        3d12      1%          3

Your spell library contained the following spells:

 Spells                   Type           Power      Damage    Failure   Level
 Passwall                 Tmut/Erth      26%        N/A       1%          2
 Petrify                  Tmut/Erth      32%        N/A       4%          4


Dungeon Overview and Level Annotations

Branches:
Dungeon (1/1)

Altars:
Ashenzari
Cheibriados
Dithmenos
Elyvilon
Fedhas
Gozag
Hepliaklqana
Kikubaaqudgha
Makhleb
Nemelex Xobeh
Okawaru
Qazlal
Ru
Sif Muna
Trog
Uskayaw
Vehumet
Wu Jian
Xom
Yredelemnul
Zin
The Shining One
Jiyva
Lugonu


Innate Abilities, Weirdness & Mutations

You are very small and have problems with some larger weapons.
You are too small for most types of armour.
You have supernaturally acute eyesight. (SInv)
You cover ground extremely quickly. (Speed+++)


Message History

The centaur wields a +0 shortbow.
The centaur shoots an arrow.
The arrow completely misses you.
Unknown command.
The centaur shoots an arrow.
The arrow completely misses you.
Fire: g) +2 hand crossbow (freeze)
Press: ? - help, Q - select action, (/) - cycle Shift-Dir - straight line, f/p - minotaur
Aim: a minotaur, wearing a +0 plate armour and quivering javelins (heavily wounded, umbra, 77% to hit)
You shoot a bolt. The bolt hits the minotaur!
The bolt freezes the minotaur.
The minotaur is severely wounded.
The centaur shoots an arrow.
The arrow misses you.
Unknown command.
Unknown command.
Unknown command.
Fire: g) +2 hand crossbow (freeze)
Press: ? - help, Q - select action, (/) - cycle Shift-Dir - straight line, f/p - minotaur
Aim: a minotaur, wearing a +0 plate armour and quivering javelins (severely wounded, umbra, 77% to hit)
You shoot a bolt.
The bolt hits the minotaur but does no damage.
The minotaur is severely wounded.
Your shadow shoots a bolt.
The bolt barely misses the minotaur.
The minotaur throws a javelin.
The javelin completely misses you.
The centaur shoots an arrow.
The arrow closely misses you.
Unknown command.
Unknown command.
The centaur shoots an arrow.
The arrow completely misses you.
Things that are here:
a +0 giant club; an ogre skeleton You can't go up here!
There is an open gate here.
Fire: g) +2 hand crossbow (freeze)
Press: ? - help, Q - select action, (/) - cycle Shift-Dir - straight line, f/p - minotaur
Aim: a minotaur, wearing a +0 plate armour and quivering javelins (severely wounded, umbra, 77% to hit)
You shoot a bolt. The bolt hits the minotaur.
The bolt freezes the minotaur.
The minotaur is severely wounded.
Your shadow shoots a bolt.
The bolt hits the minotaur but does no damage.
The minotaur throws a javelin.
The javelin pierces through you!!
Ouch! That really hurt!
You die...

#[[##.......)..†.....#
#))#####'#####''######
#))##.......##''################
#))##.......##).#..............##
#..##.......##..##.....)....)...#
#'###...<...##..####..)#'######..
.†.##.......##..#..#####.##...##'
...##.......##..#..).##...#...#..
#####.......##..@.....#...#...#..
#.. ##########..'.)...HcW.'...'c)
#.############..'.)...#...#B5.#°.
#.#....#...[##..#....##...#...#..
#)#.)..#..[[##..#..#####.##...##'
#)'))..'..))##..####...#÷######.†
#'#....#..))##..##......).....†.#
')#....#..).##..#..............##
################################


You could see a minotaur and a centaur.

Vanquished Creatures
  Sonja (D)
  2 shadow wraiths (D)
  A spriggan druid (D)
  2 bog bodies (D)
  2 orc knights (D)
  A deep elf pyromancer (D)
  A cane toad (D)
  A gargoyle (D)
  A demonic crawler (D)
  A rime drake (D)
  3 ice devils (D)
  A red devil (D)
  A komodo dragon (D)
  A troll (D)
  A polar bear (D)
  A merfolk (D)
  Sigmund (D)
  A flying skull (D)
  A spriggan (D)
  A wraith (D)
  A basilisk (D)
  A fire bat (D)
  A steam dragon (D)
  A floating eye (D)
  An ice beast (D)
  4 orc warriors (D)
  4 ogres (D)
  A wolf (D)
  A centaur (D)
  A scorpion (D)
  A necrophage (D)
  A hound (D)
  2 jellies (D)
  3 orc priests (D)
  Ijyb (D)
  2 adders (D)
  An ufetubus (D)
  A worm (D)
  3 orcs (D)
  A ball python (D)
  A bat skeleton (D)
  A giant cockroach (D)
  A hobgoblin (D)
  3 jackals (D)
  A bat (D)
  A frilled lizard (D)
  A quokka zombie (D)
  2 rats (D)
68 creatures vanquished.

Notes
Turn   | Place    | Note
-------+----------+-------------------------------------------
     0 | D        | Groucho the Spriggan Earth Elementalist began the quest for
                  | the Orb.
     0 | D        | Reached XP level 1. HP: 9/9 MP: 5/5
    51 | D        | Found a bloodstained altar of Trog.
    51 | D        | Found a shimmering blue altar of Sif Muna.
    51 | D        | Found a viscous altar of Jiyva.
    51 | D        | Found a hazy altar of Hepliaklqana.
    51 | D        | Found an opulent altar of Gozag.
    52 | D        | Found a glowing golden altar of the Shining One.
    52 | D        | Found a glowing silver altar of Zin.
    52 | D        | Found a basalt altar of Yredelemnul.
    52 | D        | Found a shimmering altar of Xom.
    52 | D        | Found an ornate altar of the Wu Jian Council.
    52 | D        | Found a sacrificial altar of Ru.
    52 | D        | Found a stormy altar of Qazlal.
    52 | D        | Found an iron altar of Okawaru.
    52 | D        | Found a sparkling altar of Nemelex Xobeh.
    52 | D        | Found a burning altar of Makhleb.
    52 | D        | Found a blossoming altar of Fedhas.
    52 | D        | Found a white marble altar of Elyvilon.
    52 | D        | Found a shadowy altar of Dithmenos.
    52 | D        | Found a snail-covered altar of Cheibriados.
    53 | D        | Found a radiant altar of Vehumet.
    53 | D        | Found a corrupted altar of Lugonu.
    54 | D        | Found an ancient bone altar of Kikubaaqudgha.
    54 | D        | Found a hide-covered altar of Uskayaw.
    54 | D        | Found a broken altar of Ashenzari.
    59 | D        | Became a worshipper of Dithmenos the Shadowed
    70 | D        | Noticed a floating eye
    78 | D        | Paralysed by a floating eye for 4 turns
    83 | D        | Killed a floating eye
    84 | D        | Reached skill level 5 in Dodging
    84 | D        | Reached skill level 5 in Spellcasting
    84 | D        | Reached XP level 2. HP: 13/13 MP: 6/9
    84 | D        | Reached XP level 3. HP: 16/16 MP: 6/10
    84 | D        | Reached XP level 4. HP: 21/21 MP: 7/12
   450 | D        | Reached * piety under Dithmenos
   468 | D        | Learned a level 3 spell: Stone Arrow
   482 | D        | Reached ** piety under Dithmenos
   550 | D        | Noticed an ice beast
   553 | D        | Noticed a wolf
   555 | D        | Noticed a necrophage
   556 | D        | Killed a wolf
   556 | D        | Reached *** piety under Dithmenos
   557 | D        | Reached skill level 1 in Conjurations
   557 | D        | Reached skill level 5 in Earth Magic
   557 | D        | Reached XP level 5. HP: 24/24 MP: 12/14
   584 | D        | Reached XP level 6. HP: 28/28 MP: 9/16
   942 | D        | Reached skill level 5 in Short Blades
   954 | D        | Killed an ice beast
   954 | D        | Reached **** piety under Dithmenos
   955 | D        | Reached skill level 5 in Invocations
   961 | D        | Noticed Sigmund
   967 | D        | Killed Sigmund
   968 | D        | Reached XP level 7. HP: 21/32 MP: 14/19
  1344 | D        | Noticed a spriggan druid
  1346 | D        | Killed a spriggan druid
  1347 | D        | Reached XP level 8. HP: 36/36 MP: 19/21
  1348 | D        | Noticed Ijyb
  1351 | D        | Killed Ijyb
  1354 | D        | Reached ***** piety under Dithmenos
  1355 | D        | Noticed an orc knight
  1566 | D        | Reached skill level 10 in Dodging
  1576 | D        | Killed an orc knight
  1709 | D        | Reached skill level 5 in Conjurations
  1747 | D        | Reached skill level 10 in Spellcasting
  1747 | D        | Reached XP level 9. HP: 39/39 MP: 16/24
  1867 | D        | Noticed a shadow wraith
  1867 | D        | Noticed a red devil
  1892 | D        | Killed a shadow wraith
  1892 | D        | Reached ****** piety under Dithmenos
  1906 | D        | Killed a red devil
  2239 | D        | Noticed a demonic crawler
  2239 | D        | Noticed a shadow wraith
  2239 | D        | Noticed a deep elf pyromancer
  2240 | D        | Killed a deep elf pyromancer
  2262 | D        | Noticed a troll
  2263 | D        | Noticed an ice devil
  2275 | D        | Killed a demonic crawler
  2296 | D        | Killed a troll
  2297 | D        | Reached XP level 10. HP: 44/44 MP: 3/26
  2640 | D        | Killed a shadow wraith
  2641 | D        | Reached skill level 10 in Short Blades
  3251 | D        | Noticed an orc knight
  3261 | D        | Killed an orc knight
  3262 | D        | Reached skill level 10 in Invocations
  3376 | D        | Noticed a gargoyle
  3396 | D        | Killed a gargoyle
  3677 | D        | Noticed a bog body
  3700 | D        | Reached skill level 10 in Earth Magic
  3941 | D        | Killed a bog body
  3942 | D        | Reached XP level 11. HP: 43/47 MP: 23/29
  3955 | D        | Noticed Sonja
  3957 | D        | Killed Sonja
  3966 | D        | Noticed a bog body
  3980 | D        | Killed a bog body
  4030 | D        | Noticed a minotaur
  4033 | D        | Noticed a boulder beetle
  4066 | D        | Hit by a javelin thrown by a minotaur

Illustrated notes

Levels and vault maps discovered:
D:        pitsprint [storerooms_1, entrance_room_1, metal_vault_1, armoury_1,
          mini_pit_1, grid_room_1, main_hall_1, silver_pit, the_coven_1,
          the_vestibule_1, steel_vault_1, golden_pit, hallway_of_sentries,
          crystal_vault_5, iron_vault_4, final_vault]

Skill      XL: |  1  2  3  4  5  6  7  8  9 10 11 |
---------------+----------------------------------+-----
Dodging        | 5 6 7 8 9 10 12 14 | 14.6
Spellcasting   | 5 6 7 8 10 11 13 | 13.6
Short Blades   | 3 4 6 7 8 9 11 12 | 12.1
Stealth        | 6 7 8 9 11 12 14 | 14.0
Earth Magic    | 4 5 6 7 8 10 | 10.6
Invocations    | 3 4 5 6 7 9 10 11 | 11.2
Conjurations   | 1 2 3 4 5 6 7 8 |  8.0
Transmutations | |  1.3

Action                   |  1- 3 |  4- 6 |  7- 9 | 10-12 || total
-------------------------+-------+-------+-------+-------++-------
Melee: Dagger            |     8 |     7 |     7 |    11 ||    33
 Fire: Hand crossbow     |       |       |       |     7 ||     7
 Cast: Sandblast         |     1 |    16 |    25 |     7 ||    49
       Stone Arrow       |       |       |    37 |    43 ||    80
Invok: Shadow Step       |       |       |     1 |     3 ||     4
  Use: Potion            |       |       |     4 |       ||     4
       Scroll            |       |       |       |     1 ||     1
 Stab: Sleeping          |       |     6 |     5 |     7 ||    18
       Distracted        |       |       |       |     1 ||     1
Armor: Robe              |       |       |     1 |     3 ||     4
Dodge: Dodged            |     1 |     6 |    42 |    21 ||    70
